 Dungeon Crawl Stone Soup version 0.27-a0-1595-g0b823d0a13 (webtiles) character file.

Game seed: 11347398557455227453

14633 funkygono the Thaumaturge (level 12, -11/64 HPs)
             Began as a Gargoyle Fire Elementalist on July 21, 2021.
             Was a Priest of Sif Muna.
             Mangled by a boulder beetle (32 damage)
             ... on level 3 of the Lair of Beasts.
             The game lasted 00:38:15 (15614 turns).

funkygono the Thaumaturge (GrFE)                   Turns: 15614, Time: 00:38:15

Health: -11/64     AC: 24    Str: 12    XL:     12   Next: 18%
Magic:  7/26       EV: 12    Int: 21    God:    Sif Muna [***...]
Gold:   587        SH:  5    Dex: 10    Spells: 18/32 levels left

rFire    . . .     SeeInvis .   g - +5 whip
rCold    . . .     Faith    .   (no shield)
rNeg     + . .     Spirit   .   a - +0 robe
rPois    ∞         Reflect  +   h - +2 helmet
rElec    +         Harm     .   k - +2 cloak
rCorr    .         Rampage  .   (no gloves)
Will     .....                  (no boots)
Stlth    ++........             B - amulet of reflection
HPRegen  0.20/turn              b - +4 ring of protection
MPRegen  0.20/turn              o - +4 ring of protection

@: studying Air Magic
A: sickness immunity, AC +8, negative energy resistance 1, electricity
resistance, torment resistance 1, petrification resistance
a: Renounce Religion, Channel Magic, Forget Spell


You were on level 3 of the Lair of Beasts.
You worshipped Sif Muna.
Sif Muna was most pleased with you.
You visited 2 branches of the dungeon, and saw 12 of its levels.

You collected 587 gold pieces.

Inventory:

Hand Weapons
 g - a +5 whip (weapon)
 w - a +0 whip of electrocution
 x - a +0 flail of protection
Armour
 a - a +0 robe (worn)
 h - a +2 helmet (worn)
 k - a +2 cloak (worn)
Jewellery
 b - a +4 ring of protection (left hand)
 i - a ring of willpower
 o - a +4 ring of protection (right hand)
 y - a +6 ring of intelligence
 B - an amulet of reflection (around neck)
Wands
 d - a wand of digging (5)
 l - a wand of iceblast (9)
 p - a wand of paralysis (8)
 q - a wand of acid (14)
 u - a wand of charming (5)
 C - a wand of flame (46)
Scrolls
 c - 4 scrolls of identify
 j - 2 scrolls of fear
 m - a scroll of torment {unknown}
 v - a scroll of magic mapping
 z - 3 scrolls of teleportation
Potions
 e - 5 potions of curing
 f - 2 potions of resistance
 n - 3 potions of berserk rage
 r - a potion of might
 s - 2 potions of heal wounds
 t - a potion of attraction
 D - a potion of lignification


   Skills:
 + Level 2.5 Fighting
 + Level 1.9 Maces & Flails
 + Level 3.7 Dodging
 - Level 2.1 Stealth
 + Level 1.7 Shields
 * Level 10.9 Spellcasting
 * Level 9.9 Conjurations
 * Level 5.4 Necromancy
 * Level 9.8 Fire Magic


You had 18 spell levels left.
You knew the following spells:

 Your Spells              Type           Power      Damage    Failure   Level
a - Foxfire               Conj/Fire      100%       2x1d9     1%          1
b - Conjure Flame         Conj/Fire      52%        6-21      1%          3
c - Pain                  Necr           100%       1d9       1%          1
d - Sticky Flame          Conj/Fire      52%        2d7       1%          4
e - Fireball              Conj/Fire      26%        3d12      2%          5

Your spell library contained the following spells:

 Spells                   Type           Power      Damage    Failure   Level
 Animate Skeleton         Necr           68%        N/A       1%          1
 Vampiric Draining        Necr           17%        2d8       1%          3
 Inner Flame              Hex/Fire       32%        N/A       2%          3


Dungeon Overview and Level Annotations

Branches:
Dungeon (9/15)             Temple (0/1) D:6            Lair (3/6) D:9
  Swamp: Lair:2-4    Shoals: Lair:2-4     Snake: Lair:2-4    Spider: Lair:2-4
    Orc: D:9-12

Altars:
Ashenzari
Hepliaklqana
Kikubaaqudgha
Nemelex Xobeh
Qazlal
Sif Muna
Vehumet
Xom

Shops:
D:2 *[*[?   D:8 (

Annotations:
D:7 3 runed translucent doors, kr4n3x's ghost, novice DrFE


Innate Abilities, Weirdness & Mutations

You are immune to sickness and miasma.
Your stone body is resilient. (AC +8)
You are immune to poison.
You resist negative energy. (rN+)
You are resistant to electric shocks. (rElec)
You are resistant to unholy torment.
You are immune to petrification.


Message History

Casting: Pain (safe; 1% risk of failure)
Confirm with . or Enter, or press ? or * to list all spells.
Okay, then.
Casting: Pain (safe; 1% risk of failure)
Confirm with . or Enter, or press ? or * to list all spells.
Aiming: Pain (safe; 1% risk of failure)
Press: ? - help, Shift-Dir - straight line, f/p - boulder beetle
Aim: a boulder beetle (moderately wounded, rolling, chance to affect: 71%)
The boulder beetle struggles to resist.
Unknown command.
Casting: Pain (safe; 1% risk of failure)
Confirm with . or Enter, or press ? or * to list all spells.
Aiming: Pain (safe; 1% risk of failure)
Press: ? - help, Shift-Dir - straight line, f/p - boulder beetle
Aim: a boulder beetle (moderately wounded, rolling, chance to affect: 71%)
The boulder beetle writhes in agony.
The boulder beetle hits you!!
The boulder beetle stops rolling and uncurls.
Unknown command.
Casting: Pain (safe; 1% risk of failure)
Confirm with . or Enter, or press ? or * to list all spells.
Aiming: Sticky Flame (dangerous; 1% risk of failure)
Press: ? - help, Shift-Dir - straight line, f/p - boulder beetle
Aim: a boulder beetle (moderately wounded, 100% to hit)
The sticky flame hits the boulder beetle but does no damage.
The boulder beetle is moderately wounded.
The boulder beetle is covered in liquid flames!
The boulder beetle burns!
The boulder beetle bites you!
* * * LOW HITPOINT WARNING * * *
The boulder beetle burns!
The boulder beetle burns!
The boulder beetle curls into a ball and begins rolling!
The boulder beetle burns!
The boulder beetle stops burning.
The boulder beetle hits you but does no damage.
The boulder beetle stops rolling and uncurls.
The boulder beetle waves its antennae.
The boulder beetle curls into a ball and begins rolling!
There is a stone staircase leading up here.
The boulder beetle hits you!!
Ouch! That really hurt!
You die...

.........# #...#
........######.##
....#....#.###.# #
###...###P.#
#.....#..## ###
###....[..# ..####
##......## .....##
####†.....##
......###.#..°°B@##
.........#......P#
.......P#.#.....##
......°..#.#...##
.........#######
........##
........#
.<.......#
.......###


You could see a boulder beetle (rolling).

Vanquished Creatures
  4 hydras
  A catoblepas (Lair:3)
  A manticore (D:9)
  2 black mambas
  3 cane toads (Lair:2)
  2 rime drakes (Lair:2)
  3 komodo dragons
  A troll (D:7)
  Grinder (D:3)
  A vampire (D:9)
  16 yaks
  3 basilisks (Lair:1)
  A steam dragon (D:7)
  3 water moccasins
  An acid dragon (D:6)
  2 orc warriors
  An ice beast (D:5)
  2 sky beasts
  5 black bears (D:9)
  2 necrophages
  An ogre (D:5)
  6 centaurs
  3 kobold brigands
  6 bullfrogs
  A gnoll sergeant (D:7)
  2 scorpions
  A water moccasin zombie (D:4)
  4 killer bees
  6 wights
  4 howler monkeys
  2 bullfrog zombies (D:4)
  4 centaur zombies
  2 hounds (D:6)
  2 orc priests
  2 bullfrog skeletons
  A centaur skeleton (D:4)
  2 gnoll shamans
  4 iguanas
  3 orc wizards
  Natasha (thrice) (D:2)
  2 hell rats
  A scorpion zombie (D:4)
  2 hound zombies (D:4)
  A hound skeleton (D:4)
  4 howler monkey zombies
  Robin (D:2)
  21 gnolls
  6 river rats (Lair:2)
  6 adders
  2 white imps
  2 ufetubi
  4 adder skeletons
  A dart slug (D:2)
  16 orcs
  8 bats
  6 endoplasms
  3 giant cockroaches
  18 goblins
  7 hobgoblins
  11 jackals
  4 quokkas
  4 ball pythons
  3 frilled lizards
  13 kobolds
  12 rats
  A bush (Lair:2)
273 creatures vanquished.

Vanquished Creatures (collateral kills)
  18 foxfires
18 creatures vanquished.

Vanquished Creatures (others)
  1306 foxfires
  69 fungi
  79 plants
  2 withered plants (D:4)
1456 creatures vanquished.

Grand Total: 1747 creatures vanquished

Notes
Turn   | Place    | Note
-------+----------+-------------------------------------------
     0 | D:1      | funkygono the Gargoyle Fire Elementalist began the quest
                  | for the Orb.
     0 | D:1      | Reached XP level 1. HP: 10/10 MP: 3/3
   183 | D:1      | Reached XP level 2. HP: 11/15 MP: 0/5
   378 | D:1      | Found a faded altar of an unknown god.
   660 | D:1      | Reached XP level 3. HP: 16/19 MP: 1/6
  1005 | D:2      | Found a sparkling altar of Nemelex Xobeh.
  1054 | D:2      | Noticed Natasha
  1066 | D:2      | Killed Natasha
  1067 | D:2      | Reached XP level 4. HP: 5/24 MP: 0/8
  1287 | D:2      | Found Kuaselim's Assorted Antiques.
  1314 | D:2      | Found Yweej's Antique Armour Emporium.
  1399 | D:2      | Noticed Robin
  1674 | D:2      | Killed Robin
  1870 | D:2      | Noticed Natasha
  1879 | D:2      | Reached skill level 3 in Spellcasting
  1889 | D:2      | Killed Natasha
  1890 | D:2      | Reached XP level 5. HP: 15/28 MP: 0/9
  2095 | D:2      | Found Uczoruu's Antique Armour Boutique.
  2100 | D:2      | Found Coacu's Assorted Antiques.
  2102 | D:2      | Noticed Natasha
  2109 | D:2      | Killed Natasha
  2468 | D:2      | Found Jowegeg's Magic Scroll Emporium.
  2484 | D:2      | Learned a level 1 spell: Pain
  2865 | D:3      | Noticed Grinder
  2881 | D:3      | Paralysed by Grinder for 3 turns
  2907 | D:3      | Paralysed by Grinder for 2 turns
  2914 | D:3      | Paralysed by Grinder for 4 turns
  2936 | D:3      | Killed Grinder
  2937 | D:3      | Reached skill level 4 in Spellcasting
  2937 | D:3      | Reached XP level 6. HP: 23/32 MP: 0/12
  3134 | D:3      | Learned a level 3 spell: Conjure Flame
  3382 | D:3      | Reached skill level 1 in Necromancy
  3904 | D:4      | Reached XP level 7. HP: 36/36 MP: 2/13
  4193 | D:4      | Found a sparkling altar of Nemelex Xobeh.
  4193 | D:4      | Found a shimmering blue altar of Sif Muna.
  4195 | D:4      | Found an ancient bone altar of Kikubaaqudgha.
  4198 | D:4      | Found a shimmering altar of Xom.
  4199 | D:4      | Found a broken altar of Ashenzari.
  4220 | D:4      | Became a worshipper of Sif Muna the Loreminder
  4418 | D:4      | Reached skill level 5 in Fire Magic
  4670 | D:4      | Reached skill level 5 in Spellcasting
  4945 | D:4      | Reached skill level 1 in Fighting
  5045 | D:4      | Found a hazy altar of Hepliaklqana.
  5396 | D:4      | Reached XP level 8. HP: 38/43 MP: 12/16
  5632 | D:4      | Learned a level 4 spell: Sticky Flame
  5663 | D:5      | Entered Level 5 of the Dungeon
  6032 | D:5      | Reached skill level 6 in Spellcasting
  6124 | D:5      | Found a radiant altar of Vehumet.
  6125 | D:5      | Found a stormy altar of Qazlal.
  6146 | D:5      | Reached * piety under Sif Muna
  6910 | D:6      | Reached skill level 5 in Conjurations
  7017 | D:6      | Learned a level 5 spell: Fireball
  7178 | D:6      | Reached XP level 9. HP: 42/48 MP: 13/18
  7256 | D:6      | Found a staircase to the Ecumenical Temple.
  8269 | D:7      | Reached skill level 7 in Spellcasting
  8467 | D:7      | Found a runed translucent gate.
  8468 | D:7      | Found a runed translucent gate.
  8473 | D:7      | Reached ** piety under Sif Muna
  8477 | D:7      | Noticed a two-headed ogre
  8483 | D:7      | Noticed kr4n3x's ghost (novice DrFE)
  8648 | D:7      | Reached skill level 1 in Maces & Flails
  8818 | D:7      | Noticed a troll
  8826 | D:7      | Killed a troll
  8827 | D:7      | Reached skill level 8 in Spellcasting
  8890 | D:7      | Found a runed translucent gate.
  8905 | D:7      | Noticed an eight-headed hydra
  8962 | D:7      | Reached XP level 10. HP: 53/53 MP: 13/22
  9962 | D:8      | Found Beanuq's Weapon Shoppe.
 10822 | D:9      | Found a staircase to the Lair.
 10971 | D:9      | Reached skill level 9 in Spellcasting
 11538 | D:9      | Noticed a manticore
 11548 | D:9      | Killed a manticore
 11575 | D:9      | Reached skill level 1 in Shields
 12028 | D:9      | Reached XP level 11. HP: 53/57 MP: 11/24
 12436 | Lair:1   | Entered Level 1 of the Lair of Beasts
 12777 | Lair:1   | Noticed a six-headed hydra
 12792 | Lair:1   | Killed a six-headed hydra
 13072 | Lair:1   | Reached *** piety under Sif Muna
 13536 | Lair:2   | Reached skill level 10 in Spellcasting
 13939 | Lair:2   | Noticed a six-headed hydra
 14208 | Lair:2   | Noticed a four-headed hydra
 14221 | Lair:2   | Killed a four-headed hydra
 14235 | Lair:2   | Reached skill level 5 in Necromancy
 14459 | Lair:2   | Killed a six-headed hydra
 14718 | Lair:2   | Reached XP level 12. HP: 43/64 MP: 11/26
 15262 | Lair:3   | Noticed a five-headed hydra
 15276 | Lair:2   | Killed a five-headed hydra
 15472 | Lair:3   | Noticed a catoblepas
 15493 | Lair:3   | Killed a catoblepas
 15577 | Lair:3   | Noticed a boulder beetle
 15614 | Lair:3   | Mangled by a boulder beetle

Illustrated notes

Levels and vault maps discovered:
D:1:      dpeg_arrival_fog, layout_rooms,
          shapermc_ecumenical_altar_totnotflames, serial_bayou_lagoon_a
D:2:      layout_rooms, basic_altar, serial_shops, nicolae_shop_crystal, shop,
          shop, nicolae_shop_trees, nicolae_shop_trees, kennysheep_flooded_box,
          chequers_garden, uniq_robin, uniq_natasha
D:3:      layout_loops_corners, uniq_grinder
D:4:      layout_basic, grunt_temple_overflow_open, kennysheep_mini,
          serial_undead, serial_undead_b, serial_undead_a, serial_undead_e,
          serial_undead_f, serial_undead_e, serial_undead_c
D:5:      layout_loops_ring, gammafunk_temple_overflow_pools, dk_vineyard_2,
          moated_statue
D:6:      layout_cave_pods, minmay_temple_entry_from_below_a,
          minmay_quadrilaterals
D:7:      layout_rooms, gammafunk_ghost_split
D:8:      layout_layer_cave, serial_shops, nicolae_shop_waterfront,
          roderic_lattice_a
D:9:      layout_long_grid, due_lair_maze_entry_diamond
Lair:1:   layout_cave_pods, serial_bayou_shore_b
Lair:2:   layout_regular_city, kennysheep_rathole
Lair:3:   beast_lair_carwin_large_4, layout_cave_pods, minmay_swamp_entry_eels,
          ebering_ghost_disaster_area, uniq_gastronok, uniq_sonja

Skill      XL: |  1  2  3  4  5  6  7  8  9 10 11 |
---------------+----------------------------------+-----
Fire Magic     | 4 5 6 7 8 9 |  9.8
Conjurations   | 2 3 5 6 8 9 |  9.9
Spellcasting   | 3 4 5 6 8 9 10 | 10.9
Dodging        | 2 3 |  3.7
Necromancy     | 1 2 3 4 5 |  5.4
Fighting       | 1 2 |  2.5
Maces & Flails | 1 |  1.9
Shields        | 1 |  1.7
Stealth        | |  2.1

Action                   |  1- 3 |  4- 6 |  7- 9 | 10-12 || total
-------------------------+-------+-------+-------+-------++-------
Melee: Dagger            |     3 |       |       |       ||     3
       Whip              |    30 |    28 |    17 |    80 ||   155
 Cast: Foxfire           |    41 |   116 |   308 |   302 ||   767
       Pain              |       |    19 |    17 |    43 ||    79
       Conjure Flame     |       |     1 |     1 |     3 ||     5
       Sticky Flame      |       |       |     6 |    45 ||    51
       Fireball          |       |       |       |     5 ||     5
  Use: Scroll            |     2 |     2 |     8 |     8 ||    20
       Potion            |       |     2 |     1 |       ||     3
Armor: Robe              |     6 |    39 |   119 |   140 ||   304
Dodge: Dodged            |    16 |    80 |   149 |   159 ||   404
Block: Other             |       |       |       |    61 ||    61
       Reflection        |       |       |       |     1 ||     1

Table legend: (Time is in decaauts)
 A = Elapsed time spent in this place.
 B = Non-inter-level travel time spent in this place.
 C = Inter-level travel time spent in this place.
 D = Time resting spent in this place.
 E = Time spent auto-exploring this place.
 F = Levels seen in this place.
 G = Mean time per level.
                   A        B        C        D        E       F      G
               +--------+--------+--------+--------+--------+-----+--------+
         Total |  15677 |  15513 |    164 |   1638 |  10826 |  12 | 1306.4 |
       Dungeon |  12496 |  12365 |    131 |   1545 |   8308 |   9 | 1388.4 |
          Lair |   3181 |   3149 |     32 |     93 |   2518 |   3 | 1060.3 |
               +--------+--------+--------+--------+--------+-----+--------+

Top non-repeatable levels by time:
     D:9: 2006 daAuts
     D:4: 1811 daAuts
     D:6: 1682 daAuts
  Lair:2: 1543 daAuts
  Lair:1: 1465 daAuts
     D:3: 1361 daAuts
     D:2: 1332 daAuts
     D:8: 1230 daAuts
     D:1: 1215 daAuts
     D:5: 1034 daAuts
     D:7: 820 daAuts
  Lair:3: 172 daAuts
